 Dungeon Crawl Stone Soup version 0.31-a0-702-gf82c85558f (webtiles) character file.

Game seed: 7866601518795787271

52 qw the Shooter (level 3, -4/22 HPs)
             Began as a Gargoyle Hunter on Sept 7, 2023.
             Slain by Grinder (5 damage)
             ... while paralysed by Grinder
             ... on level 3 of the Dungeon.
             The game lasted 00:00:35 (1634 turns).

qw the Shooter (Gargoyle Hunter)                    Turns: 1634, Time: 00:00:35

Health: -4/22      AC:  8    Str: 14    XL:     3   Next: 85%
Magic:  3/3        EV:  2    Int:  9    God:
Gold:   169        SH:  0    Dex: 15    Spells: 2/2 levels left

rFire   . . .        Y - +0 shortbow
rCold   . . .        (shield currently unavailable)
rNeg    + . .        j - +0 ring mail
rPois   inf          (no helmet)
rElec   +            (no cloak)
rCorr   .            (no gloves)
SInv    .            (no boots)
Will    .....        (no amulet)
Stlth   +            (no ring)
HPRegen 0.23/turn    (no ring)
MPRegen 0.08/turn

%: no passive effects
@: paralysed, about to teleport
A: sickness immunity, AC +3, negative energy resistance 1, electricity
resistance, torment resistance 1, petrification resistance
a: no special abilities


You were on level 3 of the Dungeon.
You visited 1 branch of the dungeon, and saw 3 of its levels.

You collected 169 gold pieces.


Innate Abilities, Weirdness & Mutations

You are immune to sickness and miasma.
Your stone body is resilient. (AC +3)
You are immune to poison.
You resist negative energy. (rN+)
You are resistant to electric shocks. (rElec)
You are resistant to unholy torment.
You are immune to petrification.


   Skills:
 + Level 2.8 Fighting
 - Level 5.0 Ranged Weapons
 - Level 1.0 Armour
 - Level 1.5 Dodging
 - Level 1.1 Stealth


You had 2 spell levels left.
You didn't know any spells.
Your spell library was empty.

Inventory:

Hand Weapons
 Y - a +0 shortbow (weapon)
Armour
 j - a +0 ring mail (worn)
Potions
 a - a potion of haste {unknown}
 d - a potion of might {unknown}
 e - a potion of cancellation {unknown}
 f - a potion of degeneration {unknown}
 i - a potion of brilliance {unknown}
 k - a potion of enlightenment {unknown}

Dungeon Overview and Level Annotations

Branches:
Dungeon (3/15)

Altars:
Xom

Shops:
D:1 [

Annotations:
D:3 Grinder


Message History

You shoot an arrow. The arrow barely misses Grinder.
You shoot an arrow.
The arrow hits Grinder but does no damage.
Grinder is moderately wounded.
Grinder blinks!
You shoot an arrow. The arrow barely misses Grinder.
Grinder gestures at you.
You suddenly lose the ability to move!
You can move again.
You shoot an arrow. The arrow hits Grinder.
Grinder is heavily wounded.
You shoot an arrow. The arrow barely misses Grinder.
Grinder grins, showing sharp teeth.
You shoot an arrow. The arrow hits Grinder.
Grinder is heavily wounded.
Grinder hits you. Grinder hits you but does no damage.
You shoot an arrow. The arrow hits Grinder!
Grinder is severely wounded.
Grinder gestures at you.
You suddenly lose the ability to move!
Grinder gestures at you. Pain shoots through your body!
You can move again.
You shoot an arrow. The arrow hits Grinder.
Grinder is severely wounded.
Grinder hits you.
You writhe in agony.
You shoot an arrow. The arrow closely misses Grinder.
Grinder hits you!
1632 ||| READING scroll of teleportation.
As you read the scroll of teleportation, it crumbles to dust.
You feel strangely unstable. Grinder misses you.
You shoot an arrow. The arrow hits Grinder.
Grinder is almost dead.
Grinder says, "Just stop there for a second..."
Grinder gestures at you.
You suddenly lose the ability to move!
Grinder completely misses you. Grinder hits you.
You die...
Grinder says, "Now the real fun starts!"

#........ #........
..# #........ ..
... #........ ..
..# ##........ .#
#.###### .........
.###.#....#
####5.......
...#.#.##.###...@<#
.#.#.#........###.#
.#.#.#..#...#.....#
.................>#
.#.#.#<....##:###.#
.#.#.########.# ...
.#.#.. ..# .#..
.#.#### ### .# #
....


You could see Grinder.

Vanquished Creatures
  An adder (D:2)
  A worm (D:2)
  3 orcs (D:3)
  A ball python (D:2)
  A bat (D:1)
  3 endoplasms
  3 giant cockroaches
  6 goblins
  4 hobgoblins
  3 quokkas
  2 frilled lizards (D:2)
  5 kobolds
33 creatures vanquished.

Notes
Turn   | Place    | Note
-------+----------+-------------------------------------------
     0 | D:1      | qw the Gargoyle Hunter began the quest for the Orb.
     0 | D:1      | Reached XP level 1. HP: 12/12 MP: 1/1
     0 | D:1      | 0 ||| qw: Version: 0.3-a-76-g4403597
     0 | D:1      | 0 ||| qw: Game counter: 779
     0 | D:1      | 0 ||| qw: Melee chars always use a shield: true
     0 | D:1      | 0 ||| qw: God list: Okawaru
     0 | D:1      | 0 ||| qw: Allow faded altars: false
     0 | D:1      | 0 ||| qw: Do Orc after clearing Dungeon:15 true
     0 | D:1      | 0 ||| qw: Do second Lair branch before Depths: true
     0 | D:1      | 0 ||| qw: Lair rune preference: random
     0 | D:1      | 0 ||| qw: Goals: Normal
     0 | D:1      | 0 ||| PLANNING D:1-11
   117 | D:1      | Found a faded altar of an unknown god.
   372 | D:1      | Reached XP level 2. HP: 17/17 MP: 2/2
   773 | D:1      | Found Koenaoc's Antique Armour Shop.
   776 | D:1      | 776 ||| SHOPLISTING helmet (135 gold, have 77).
   776 | D:1      | 776 ||| SHOPLISTING ring mail (120 gold, have 77).
   869 | D:1      | 869 ||| DROPPING scroll of butterflies.
   907 | D:2      | Reached XP level 3. HP: 15/21 MP: 3/3
  1005 | D:2      | Reached skill level 5 in Ranged Weapons
  1012 | D:2      | Found a shimmering altar of Xom.
  1453 | D:2      | 1453 ||| UPGRADING to +0 ring mail.
  1463 | D:2      | 1463 ||| DROPPING +0 leather armour.
  1464 | D:2      | 1464 ||| DROPPING amulet of magic regeneration.
  1465 | D:2      | 1465 ||| READING 2 scrolls labelled MOABRO WUBAN.
  1466 | D:2      | 1466 ||| READING 2 scrolls labelled ZAEMEBLA EMEMI.
  1471 | D:2      | 1471 ||| READING 2 scrolls labelled LEUZUCL WIBB.
  1472 | D:2      | 1472 ||| READING scroll labelled IJASYLA QUPE.
  1473 | D:2      | 1473 ||| DROPPING scroll of blinking.
  1474 | D:2      | 1474 ||| DROPPING scroll of poison.
  1518 | D:3      | 1518 ||| FLEEEEING.
  1519 | D:3      | 1519 ||| FLEEEEING.
  1520 | D:3      | 1520 ||| FLEEEEING.
  1521 | D:3      | 1521 ||| FLEEEEING.
  1522 | D:3      | 1522 ||| STAIRDANCE
  1538 | D:3      | Reached skill level 1 in Armour
  1538 | D:3      | 1538 ||| STAIRDANCE
  1608 | D:3      | Noticed Grinder
  1622 | D:3      | Paralysed by Grinder for 2 turns
  1628 | D:3      | Paralysed by Grinder for 2 turns
  1631 | D:3      | HP: 1/22 [Grinder (7)]
  1632 | D:3      | 1632 ||| READING scroll of teleportation.
  1633 | D:3      | Paralysed by Grinder for 4 turns
  1634 | D:3      | Slain by Grinder

Levels and vault maps discovered:
D:1:      minmay_arrival_plants_in_alcoves, layout_basic, serial_shops,
          nicolae_shop_tiny_real_fake_doors, basic_ecumenical_altar,
          roderic_lattice_a
D:2:      layout_basic, basic_altar
D:3:      minmay_goblin_kobold_castle, layout_basic, nrook_mini_backslash,
          guppyfry_early_orc_mine, uniq_robin, uniq_grinder

Skill      XL: |  1  2  3 |
---------------+----------+-----
Ranged Weapons | 5 |  5.0
Armour         | 1 |  1.0
Fighting       | |  2.8
Dodging        | |  1.5
Stealth        | |  1.1

Action                     || total
---------------------------++-------
   Fire: Shortbow          ||   124
    Use: Scroll            ||     5
 Armour: Leather armour    ||    11
         Ring mail         ||    17
  Dodge: Dodged            ||    23

Table legend:
 A = Non-vault XP
 B = Vault XP
 C = Vault XP percentage of total XP
 D = Non-vault monster count
 E = Vault monster count
 F = Vault count percentage of total count
                 A         B        C        D         E       F
            +---------+---------+-------+---------+---------+-------
      Total |      59 |      16 |  21.3 |      26 |       7 |  21.2
            +---------+---------+-------+---------+---------+-------
        D:1 |      17 |       0 |   0.0 |       9 |       0 |   0.0
        D:2 |      42 |       0 |   0.0 |      17 |       0 |   0.0
        D:3 |       0 |      16 | 100.0 |       0 |       7 | 100.0
            +---------+---------+-------+---------+---------+-------
